 Dungeon Crawl Stone Soup version 0.18.1-50-g88ac8fd (webtiles) character file.

136 Kirk the Firebug (level 5, 0/31 HPs)
             Began as an Octopode Fire Elementalist on Oct 3, 2016.
             Slain by an orc wizard
             ... wielding a +0 dagger
              (2 damage)
             ... on level 3 of the Dungeon.
             The game lasted 00:06:14 (2019 turns).

Kirk the Firebug (Octopode Fire Elementalist)       Turns: 2019, Time: 00:06:15

Health: 0/31       AC:  1    Str:  7    XL:     5   Next: 19%
Magic:  0/9        EV: 12    Int: 18    God:
Gold:   108        SH:  4    Dex: 13    Spells: 1 memorised, 8 levels left

rFire  . . .     SeeInvis +     o - -3 short sword (curse)
rCold  . . .     Gourm    .     l - +0 buckler
rNeg   . . .     Faith    .     (helmet restricted)
rPois  .         Spirit   .     (no amulet)
rElec  .         Dismiss  .     (no ring)
rCorr  .         Reflect  .     (no ring)
SustAt .         Harm     .     (no ring)
MR     .....                    (no ring)
Stlth  +++.......               (no ring)
                                (no ring)
                                (no ring)
                                (no ring)

@: not resistant to hostile enchantments, fairly stealthy
A: almost no armour, amphibious, 8 rings, constrict 8, camouflage 1, see
invisible, gelatinous body 1
a: no special abilities


You were on level 3 of the Dungeon.
You were not hungry.

You visited 1 branch of the dungeon, and saw 3 of its levels.

You collected 108 gold pieces.

Inventory:

Hand Weapons
 c - a +1 short sword of venom
 k - a +0 dagger
 o - a cursed -3 short sword (weapon)
 p - a +2 dagger of freezing
Missiles
 j - 4 needles of sleeping
Armour
 l - a +0 buckler (worn)
Scrolls
 e - a scroll of identify
Potions
 d - 2 potions of flight
 h - 2 potions of resistance
 i - 2 potions of brilliance
Books
 a - a book of Flames

   Spells                             Type                      Level
   a - Flame Tongue                   Conjuration/Fire             1
   b - Throw Flame                    Conjuration/Fire             2
   c - Conjure Flame                  Conjuration/Fire             3
   d - Inner Flame                    Hexes/Fire                   3
   e - Sticky Flame                   Conjuration/Fire             4
   f - Fireball                       Conjuration/Fire             5
Comestibles
 b - 4 bread rations
 f - a beef jerky
 n - a slice of pizza
 q - 2 fruits


   Skills:
 - Level 0.2 Short Blades
 - Level 2.0 Dodging
 - Level 2.6 Stealth
 * Level 1.5 Shields
 + Level 2.9 Spellcasting
 + Level 2.1 Conjurations
 + Level 4.2 Fire Magic


You had 8 spell levels left.
You knew the following spells:

 Your Spells              Type           Power        Failure   Level  Hunger
a - Flame Tongue          Conj/Fire      ##...        10%         1    None


Dungeon Overview and Level Annotations

Branches:
Dungeon (3/15)

Altars:

Annotations:
D:3 Natasha


Innate Abilities, Weirdness & Mutations

You cannot wear most types of armour.
You are amphibious.
You can wear up to eight rings at the same time.
You can use your tentacles to constrict eight enemies at once.
Your skin changes colour to match your surroundings (Stealth).
Your rubbery body absorbs attacks (AC +1).
You have supernaturally acute eyesight.


Message History

You feel less confused. The orc wizard barely misses you.
Casting: Flame Tongue
Confirm with . or Enter, or press ? or * to list all spells.
Aiming: Flame Tongue
Press: ? - help, Shift-Dir - straight line, f/p - orc wizard
Aim: an orc wizard, wielding a dagger and wearing a robe (severely wounded)
The flame tongue hits the orc wizard.
The orc wizard is almost dead.
The orc wizard hits you with a dagger.
* * * LOW HITPOINT WARNING * * *
Your magical contamination has completely faded away.
Unknown command.
Casting: Flame Tongue
Confirm with . or Enter, or press ? or * to list all spells.
Aiming: Flame Tongue
Press: ? - help, Shift-Dir - straight line, f/p - orc wizard
Aim: an orc wizard, wielding a dagger and wearing a robe (almost dead)
The flame tongue misses the orc wizard.
The orc wizard hits you with a dagger.
You die...

### #(. #########
#.# #.......# #.#
.#
#.#####(########.#
.# #@#
#......[.... ## .#
# #o# ##########.#
....#.# #)# #.#
#...#.## #...# #.#
#.#....# .....).
#.# #....#
..##...##.# #..
#...# #### #.#.# #
### #..## #.. .#
#. # #...###.####.
# # #


You could see an orc wizard.

Vanquished Creatures
  Natasha (D:3)
  An orc wizard (D:3)
  3 adders (D:2)
  4 worms
  A dart slug (D:2)
  2 giant geckos (D:2)
  2 orcs (D:3)
  2 giant cockroaches
  5 goblins
  4 hobgoblins
  2 jackals (D:2)
  6 kobolds
  6 bats
  A giant newt (D:3)
  6 rats
46 creatures vanquished.

Notes
Turn   | Place    | Note
--------------------------------------------------------------
     0 | D:1      | Kirk the Octopode Fire Elementalist began the quest for the Orb.
     0 | D:1      | Reached XP level 1. HP: 11/11 MP: 3/3
   196 | D:1      | Reached XP level 2. HP: 15/17 MP: 1/5
   612 | D:2      | Reached XP level 3. HP: 17/21 MP: 1/6
   828 | D:2      | Reached skill level 4 in Fire Magic
  1002 | D:2      | Reached XP level 4. HP: 24/27 MP: 3/7
  1084 | D:2      | Reached skill level 1 in Shields
  1336 | D:3      | Noticed Natasha
  1350 | D:3      | Killed Natasha
  1515 | D:3      | Noticed Natasha
  1667 | D:3      | Gained mutation: You have supernaturally acute eyesight. [potion of beneficial mutation]
  1993 | D:3      | Reached XP level 5. HP: 31/31 MP: 6/9
  2018 | D:3      | HP: 1/31 [orc wizard/dagger (5)]
  2019 | D:3      | Slain by an orc wizard

Skill      XL: |  1  2  3  4 |
---------------+-------------+-----
Fire Magic     | 4 |  4.2
Shields        | 1 |  1.5
Conjurations   | 2 |  2.1
Short Blades   | |  0.2
Dodging        | |  2.0
Stealth        | |  2.6
Spellcasting   | |  2.9

Action                   |  1- 3 |  4- 6 || total
-------------------------+-------+-------++-------
Melee: Unarmed           |     6 |       ||     6
       Constrict         |     3 |     3 ||     6
       Tentacles         |     2 |     2 ||     4
       Short sword       |    12 |    11 ||    23
 Cast: Flame Tongue      |    43 |    52 ||    95
  Use: Scroll            |     4 |     4 ||     8
       Potion            |     2 |     3 ||     5
 Stab: Sleeping          |     1 |       ||     1
  Eat: Chunk             |     1 |     3 ||     4
Armor: Skin              |     3 |     3 ||     6
Dodge: Dodged            |    20 |    17 ||    37
Block: Buckler           |     7 |     6 ||    13
